 Dungeon Crawl Stone Soup version 0.19.5 (webtiles) character file.

48 Zhenya24pyc the Cudgeler (level 3, -1/23 HPs)
             Began as a Gargoyle Fighter on Apr 27, 2017.
             Slain by a goblin
             ... wielding a +0 club
             ... led by Robin
              (4 damage)
             ... on level 2 of the Dungeon.
             The game lasted 00:01:43 (889 turns).

Zhenya24pyc the Cudgeler (Gargoyle Fighter)          Turns: 889, Time: 00:01:44

Health: -1/23      AC: 10    Str: 20    XL:     3   Next: 72%
Magic:  3/3        EV:  7    Int:  8    God:
Gold:   16         SH:  9    Dex:  9    Spells: 0 memorised, 2 levels left

rFire  . . .     SeeInvis .     a - +0 flail
rCold  . . .     Gourm    .     b - +0 scale mail
rNeg   + . .     Faith    .     c - +0 shield
rPois  ∞         Spirit   .     (no helmet)
rElec  +         Reflect  .     (no cloak)
rCorr  .         Harm     .     (no gloves)
MR     .....                    (no boots)
Stlth  ..........               (no amulet)
                                (no ring)
                                (no ring)

@: no status effects
A: negative energy resistance 1, electricity resistance, unbreathing,
petrification resistance, rot immunity, AC +3
a: no special abilities


You were on level 2 of the Dungeon.
You were not hungry.

You visited 1 branch of the dungeon, and saw 2 of its levels.

You collected 16 gold pieces.

Inventory:

Hand Weapons
 a - a +0 flail (weapon)
Armour
 b - a +0 scale mail (worn)
 c - a +0 shield (worn)
Jewellery
 l - an uncursed ring of poison resistance {unknown}
Scrolls
 j - a scroll of remove curse {unknown}
 k - a scroll of enchant weapon {unknown}
Potions
 d - a potion of might
 e - 2 potions of brilliance {unknown}
 h - 2 potions of agility {unknown}
 i - a potion of cancellation {unknown}
 m - a potion of flight {unknown}
 n - a potion of heal wounds {unknown}
 o - a potion of degeneration {unknown}
Comestibles
 f - 2 bread rations
 g - 4 chunks of flesh


   Skills:
 - Level 3.2 Fighting
 * Level 3.9 Maces & Flails
 - Level 3.2 Armour
 - Level 3.2 Shields


You had 2 spell levels left.
You didn't know any spells.

Dungeon Overview and Level Annotations

Branches:
Dungeon (2/15)

Altars:

Annotations:
D:2 Robin


Innate Abilities, Weirdness & Mutations

You are resistant to torment.
Your stone body is resilient. (AC +3)
You are immune to poison.
You resist negative energy. (rN+)
You are resistant to electric shocks. (rElec)
You can survive without breathing.
You are immune to petrification.
You are immune to rotting.


Message History

You block the goblin's attack.
A goblin comes into view.
You closely miss the goblin.
The goblin is severely wounded.
The goblin shouts!
The goblin hits you with a club.
The goblin hits you but does no damage. x2
You block the goblin's attack. x2; You block the hobgoblin's attack.
You barely miss the goblin.
The goblin is severely wounded.
The goblin closely misses you.
Robin says, "Kneel, worm!"
You block the goblin's attack. The goblin hits you with a club.
* * * LOW HITPOINT WARNING * * *
You block the goblin's attack. x2
The hobgoblin hits you but does no damage.
The goblin hits you but does no damage.
You closely miss the goblin.
The goblin is severely wounded.
The goblin hits you but does no damage. The goblin hits you with a club.
You die...

# ##.# .###†## #.#.####
.......## ....†...##
##### ##.......### #...
#####.....###.#######.#
##..#.....ggggg....
#######..###...g@ggg..#
.........# #.#.g#####.#
########## #+####


You could see Robin, a hobgoblin and 8 goblins.

Vanquished Creatures
  A worm (D:2)
  4 dart slugs (D:1)
  2 ball pythons (D:1)
  5 bats
  3 giant cockroaches
  4 goblins
  3 hobgoblins (D:1)
  3 jackals (D:1)
  2 frilled lizards (D:1)
  5 kobolds
  2 rats (D:1)
34 creatures vanquished.

Notes
Turn   | Place    | Note
-------+----------+-------------------------------------------
     0 | D:1      | Zhenya24pyc the Gargoyle Fighter began the quest for the Orb.
     0 | D:1      | Reached XP level 1. HP: 14/14 MP: 1/1
    30 | D:1      | Reached XP level 2. HP: 16/19 MP: 2/2
   337 | D:1      | Reached XP level 3. HP: 23/23 MP: 3/3
   878 | D:2      | Noticed Robin
   889 | D:2      | Slain by a goblin

Skill      XL: |  1  2 |
---------------+-------+-----
Maces & Flails | 3 |  3.9
Fighting       | |  3.2
Armour         | |  3.2
Shields        | |  3.2

Action                   || total
-------------------------++-------
Melee: Flail             ||   114
Armor: Scale mail        ||    69
Dodge: Dodged            ||    50
Block: Shield            ||    78
